 Dungeon Crawl Stone Soup version 0.17-a0-1403-g9df874c (webtiles) character file.

216 urechis the Spear-Bearer (level 5, -2/38 HPs)
             Began as a Merfolk Gladiator on June 20, 2015.
             Slain by Grinder (5 damage)
             ... while paralysed by Grinder
             ... on level 3 of the Dungeon.
             The game lasted 00:13:11 (3073 turns).

urechis the Spear-Bearer (Merfolk Gladiator)        Turns: 3073, Time: 00:13:11

Health: -2/38      AC:  5    Str: 15    XL:     5   Next: 93%
Magic:  5/5        EV:  2    Int:  7    God:
Gold:   179        SH:  0    Dex: 16    Spells: 0 memorised, 4 levels left

rFire  . . .     SeeInvis +     a - +0 trident
rCold  . . .     Clarity  .     b - +0 leather armour
rNeg   . . .     SustAt   .     (no shield)
rPois  .         Gourm    .     c - +0 helmet
rElec  .         Spirit   .     (no cloak)
rCorr  .         Warding  .     l - +0 pair of gloves
rMut   .         Stasis   .     (no boots)
MR     .....                    (no amulet)
Stlth  +.........               (no ring)
                                i - ring of see invisible

@: paralysed, not resistant to hostile enchantments, very unstealthy
A: change form in water, swift swim
a: no special abilities


You were on level 3 of the Dungeon.
You were very hungry.

You visited 1 branch of the dungeon, and saw 3 of its levels.

You collected 179 gold pieces.

Inventory:

Hand weapons
 a - a +0 trident (weapon)
Missiles
 e - 4 throwing nets (quivered)
Armour
 b - a +0 leather armour (worn)
 c - a +0 helmet (worn)
 l - a +0 pair of gloves (worn)
Jewellery
 i - a ring of see invisible (left hand)
Scrolls
 f - 4 scrolls of identify {unknown}
 h - a scroll of enchant armour {unknown}
 m - a scroll of teleportation {unknown}
 n - 3 scrolls of remove curse {unknown}
 o - 2 scrolls of amnesia {unknown}
 q - a scroll of fear {unknown}
 t - a scroll of blinking {unknown}
Potions
 g - a potion of heal wounds {unknown}
 p - a potion of degeneration {unknown}
 r - a potion of curing {unknown}
 s - a potion of flight
 v - a potion of brilliance {unknown}
Comestibles
 d - 4 bread rations
 j - a meat ration
 k - 5 beef jerkies
 u - 2 fruits


   Skills:
 - Level 2.1 Fighting
 + Level 9.2 Polearms
 - Level 2.0 Throwing
 - Level 4.0 Dodging


You had 4 spell levels left.
You didn't know any spells.

Dungeon Overview and Level Annotations

Branches:
Dungeon (3/15)

Altars:
Ru
Zin

Annotations:
D:3 Grinder, Terence


Message History

Grinder is heavily wounded.
Grinder closely misses you.
You hit Grinder.
Grinder is severely wounded.
Grinder closely misses you.
You hit Grinder.
Grinder is severely wounded.
Grinder gestures at you.
You suddenly lose the ability to move!
Grinder completely misses you. Grinder gestures at you.
You barely resist. Grinder hits you.
You writhe in agony.
Grinder hits you but does no damage. Grinder hits you!
You writhe in agony.
* * * LOW HITPOINT WARNING * * *
Grinder hits you.
* * * LOW HITPOINT WARNING * * *
You writhe in agony.
You die...

####...........#..#.......#.....
8## ###................÷.........
..8##..................##..#.#...
..@####..##.##..#..#..###..#.#...
..._#....##.##..#..#..###).#.#...
..##.................(()).).....
8##....##.##.<#.....####)#.#..#
###..##.##.5##....# #†#.#..#
#####....##.##..@.....# #.#.#..#
...####..##.#)#)##.#>.# #......#
............#.#.##.##.# #.......
.....##..##...#.##.##.####.#.....
.........................#.#.....
...#^###.##.#.###...#.##.#.#.....
...#.###.##.#.# #...#.##.#.#..###
.........##.#.# #...#.##.#.#..# #
..............# #...#.##.#.#..###


You could see Grinder.

Vanquished Creatures
  An orc wizard (D:3)
  Robin (D:3)
  8 adders
  A gnoll (D:1)
  2 worms (D:3)
  A giant gecko (D:3)
  10 orcs (D:3)
  2 ball pythons
  3 giant cockroaches
  12 goblins
  8 hobgoblins
  A jackal (D:2)
  6 kobolds
  2 quokkas (D:3)
  12 bats
  7 giant newts (D:2)
  A quokka skeleton (D:3)
  7 rats
  A plant (D:1)
86 creatures vanquished.

Notes
Turn   | Place    | Note
--------------------------------------------------------------
     0 | D:1      | urechis the Merfolk Gladiator began the quest for the Orb.
     0 | D:1      | Reached XP level 1. HP: 16/16 MP: 1/1
   152 | D:1      | Reached skill level 5 in Polearms
   211 | D:1      | Reached XP level 2. HP: 19/22 MP: 2/2
   562 | D:1      | Reached XP level 3. HP: 24/27 MP: 3/3
   588 | D:1      | Reached skill level 6 in Polearms
   742 | D:1      | Found a sacrificial altar of Ru.
  1009 | D:2      | Found a faded altar to an unknown god.
  1209 | D:2      | Reached XP level 4. HP: 33/33 MP: 4/4
  1223 | D:2      | Reached skill level 7 in Polearms
  1914 | D:3      | Reached skill level 8 in Polearms
  1935 | D:3      | Reached XP level 5. HP: 33/38 MP: 5/5
  2079 | D:3      | Noticed Robin
  2110 | D:3      | Killed Robin
  2448 | D:3      | Reached skill level 9 in Polearms
  2591 | D:3      | Found a glowing silver altar of Zin.
  2591 | D:3      | Noticed Terence
  2717 | D:3      | Noticed Grinder
  2723 | D:3      | Paralysed by Grinder for 4 turns
  3067 | D:3      | Paralysed by Grinder for 6 turns
  3073 | D:3      | Slain by Grinder

Vault maps used:
D:1:      moated_graveyard_arrival, minmay_crystal_water,
          minmay_misc_feat_diagonals, kennysheep_flooded_box,
          serial_bayou_ford_a, serial_bayou_pond_d
D:2:      ecumenical_altar_1, minmay_unequal
D:3:      nicolae_overflow_hidden_temple, uniq_robin, uniq_terence, uniq_grinder

Action                   |  1- 3 |  4- 6 || total
-------------------------+-------+-------++-------
Melee: Trident           |   115 |   199 ||   314
  Use: Potion            |       |     1 ||     1
 Stab: Sleeping          |     1 |     1 ||     2
       Distracted        |     1 |       ||     1
  Eat: Chunk             |     1 |     4 ||     5
       Fruit             |       |     1 ||     1
